Map: Pillars of Gold LE

Players

PtitDrogo - Winner!

  • Race: Protoss Protoss
  • Spawn Location: 7:00

HeroMarine

  • Race: Terran Terran
  • League: Master
  • Spawn Location: 1:00

Event: DreamHack SC2 Masters 2020 Fall

VOD

Have the link to the VOD?

Description

Time

  • Played on: Sept. 8, 2020, 4:09 p.m.
  • Length: 10:59

All games in this series

Show
View Real Time Build Order
Export as new Build Order

PtitDrogo Protoss - Winner!

Build Orders: 1 Gate Expand, Blink Stalkers, Colossus Rush 

Get SALT Encoding   

  12  0:00  Probe  
  13  0:12  Probe  
  14  0:18  Pylon  
  14  0:24  Probe  
  15  0:36  Gateway  
  15  0:37  Probe (Chrono Boost)  
  16  0:46  Assimilator, Probe (Chrono Boost)  
  17  0:51  Probe (Chrono Boost)  
  18  1:03  Probe  
  19  1:15  Probe  
  20  1:23  Cybernetics Core  
  20  1:34  Nexus  
  20  1:40  Pylon  
  20  1:44  Probe  
  21  1:48  Assimilator  
  21  1:56  Adept (Chrono Boost), Probe  
  24  2:06  Shield Battery  
  24  2:08  Probe  
  24  2:11  Warp Gate  
  25  2:17  Stalker (Chrono Boost)  
  27  2:23  Probe  
  28  2:33  Twilight Council  
  29  2:37  Probe (Chrono Boost)  
  29  2:46  Probe (Chrono Boost)  
  31  2:55  Probe (Chrono Boost)  
  31  2:56  Probe (Chrono Boost)  
  32  3:01  Probe x2 (Chrono Boost)  
  32  3:03  Robotics Facility  
  34  3:14  Probe (Chrono Boost)  
  34  3:16  Blink (Chrono Boost)  
  34  3:19  Probe (Chrono Boost)  
  36  3:22  Gateway  
  36  3:23  Probe (Chrono Boost)  
  36  3:26  Probe (Chrono Boost)  
  39  3:34  Probe  
  39  3:36  Gateway  
  39  3:38  Probe  
  40  3:42  Pylon  
  40  3:46  Probe  
  41  3:51  Observer (Chrono Boost)  
  41  3:52  Probe  
  43  3:57  Assimilator x2  
  43  3:59  Probe  
  43  4:01  Stalker  
  46  4:04  Probe  
  46  4:05  Observer (Chrono Boost)  
  46  4:09  Pylon  
  48  4:12  Probe  
  48  4:16  Probe  
  50  4:17  Stalker, Pylon  
  50  4:24  Probe  
  53  4:28  Probe  
  53  4:30  Stalker x2  
  58  4:36  Probe  
  59  4:40  Probe  
  60  4:48  Probe  
  60  4:53  Probe  
  61  5:00  Probe  
  61  5:03  Robotics Bay  
  61  5:04  Nexus  
  61  5:05  Forge  
  61  5:11  Probe  
  61  5:12  Probe, Pylon  
  63  5:19  Charge  
  63  5:20  Sentry  
  63  5:21  Sentry  
  67  5:23  Probe  
  67  5:27  Probe  
  69  5:28  Pylon  
  69  5:29  Protoss Ground Weapons Level 1  
  69  5:30  Observer  
  69  5:35  Probe  
  70  5:39  Sentry, Probe  
  73  5:48  Colossus (Chrono Boost)  
  73  5:49  Probe (Chrono Boost)  
  74  5:51  Probe (Chrono Boost)  
  81  5:57  Extended Thermal Lance  
  81  6:02  Probe (Chrono Boost)  
  81  6:04  Gateway, Probe (Chrono Boost)  
  83  6:05  Gateway  
  83  6:07  Gateway  
  83  6:22  Probe x2  
  85  6:27  Gateway  
  85  6:28  Gateway, Colossus (Chrono Boost)  
  91  6:33  Probe  
  91  6:34  Pylon, Probe  
  91  6:36  Probe  
  94  6:40  Templar Archives  
  94  6:43  Pylon  
  94  6:45  Assimilator  
  94  6:47  Assimilator  
  94  6:49  Shield Battery  
  94  7:01  Zealot x3  
  100  7:07  Gateway x2, Colossus (Chrono Boost)  
  100  7:08  Pylon  
  106  7:20  Stalker x3  
  112  7:25  Stalker x2  
  116  7:32  Protoss Ground Armor Level 1 (Chrono Boost)  
  116  7:34  Pylon  
  116  7:37  Probe x3  
  116  7:41  Pylon  
  116  7:43  Pylon  
  119  7:46  Warp Prism (Chrono Boost)  
  119  7:50  High Templar  
  124  7:53  Pylon  
  124  7:56  High Templar  
  125  8:00  Archon  
  125  8:01  Zealot x3, High Templar x2  
  125  8:02  Zealot x2  
  139  8:06  Archon  
  139  8:09  Zealot  
  141  8:13  Pylon  
  141  8:14  Pylon  
  141  8:15  Pylon  
  117  8:29  Zealot, High Templar x2  
  117  8:30  Zealot x5  
  133  8:34  Archon  
  133  8:42  High Templar x2  
  133  8:47  Archon  
  137  8:49  Nexus  
  137  8:51  Zealot x3  
  137  8:53  Zealot, Pylon  
  145  8:58  Immortal (Chrono Boost)  
  149  9:05  High Templar x2  
  149  9:09  Archon  
  153  9:20  Zealot x5  
  153  9:21  Zealot x2  
  159  9:33  Probe  
  159  9:34  Probe x2  
  160  9:44  High Templar x4  
  160  9:45  Zealot x4  
  168  9:46  Zealot x2  
  168  9:48  Immortal (Chrono Boost)  
  168  9:49  Archon x2  
  176  10:08  High Templar x2  
  176  10:09  Zealot x4  
  176  10:18  Archon  
  176  10:19  Zealot x4  
  142  10:31  Zealot x4  
  146  10:42  Zealot x3, Stalker x3  
  124  10:55  Stalker x4  
Show
View Real Time Build Order
Export as new Build Order

HeroMarine Terran 

Build Orders:  

Get SALT Encoding   

  12  0:00  SCV  
  13  0:12  SCV  
  14  0:17  Supply Depot  
  14  0:24  SCV  
  15  0:39  SCV  
  15  0:40  Barracks  
  16  0:45  Refinery  
  16  0:51  SCV  
  17  1:03  SCV  
  18  1:15  SCV  
  19  1:27  Orbital Command, Marine  
  20  1:45  Command Center  
  20  1:46  Barracks Reactor  
  20  1:53  SCV  
  21  1:56  Supply Depot  
  21  2:05  SCV  
  22  2:10  Factory  
  22  2:17  SCV  
  22  2:21  Marine  
  22  2:22  Marine  
  25  2:29  SCV  
  26  2:39  Marine x2  
  26  2:41  SCV  
  29  2:53  Command Center  
  29  2:54  SCV  
  29  2:55  Factory Tech Lab  
  30  3:02  Orbital Command  
  30  3:06  SCV  
  31  3:13  Cyclone  
  31  3:16  Refinery  
  31  3:18  SCV  
  35  3:20  Marine  
  35  3:22  Marine  
  37  3:28  SCV  
  37  3:30  SCV  
  39  3:38  Marine  
  39  3:39  Marine  
  39  3:40  SCV  
  42  3:42  SCV  
  42  3:45  Barracks  
  42  3:48  Siege Tank  
  46  4:02  Barracks  
  46  4:04  Orbital Command, SCV x2  
  48  4:10  Marine  
  48  4:11  Marine  
  48  4:12  Engineering Bay  
  48  4:16  SCV x2  
  52  4:20  Siege Tank  
  55  4:24  Supply Depot  
  55  4:29  SCV x2  
  57  4:32  Barracks Tech Lab, SCV  
  58  4:38  Missile Turret  
  58  4:41  SCV x2, Terran Infantry Weapons Level 1, Marine  
  61  4:45  Marine  
  61  4:50  Supply Depot  
  63  4:53  SCV  
  63  4:54  SCV x2  
  63  4:56  Stimpack  
  65  5:03  Marine x2  
  65  5:05  SCV  
  65  5:06  Factory Reactor  
  68  5:12  SCV x2, Refinery  
  70  5:16  Starport, Refinery, Marine x2  
  70  5:17  SCV  
  70  5:18  Factory Reactor  
  70  5:21  Marine  
  74  5:23  Marine  
  74  5:26  Supply Depot  
  77  5:29  Supply Depot  
  75  5:36  SCV x2  
  75  5:38  Barracks  
  75  5:40  Barracks, SCV  
  75  5:41  Combat Shield, Marauder  
  79  5:49  Marauder  
  82  5:52  Marine x2  
  84  5:57  Supply Depot  
  84  6:00  Medivac, Factory Tech Lab  
  84  6:01  SCV x2  
  87  6:07  Marauder  
  87  6:09  Supply Depot  
  87  6:10  Orbital Command, Marauder  
  89  6:13  SCV x2  
  89  6:15  Medivac  
  93  6:26  SCV x2  
  93  6:28  Barracks Tech Lab, Marauder, Barracks Reactor  
  93  6:32  Siege Tank, Marauder  
  102  6:33  Supply Depot  
  102  6:36  SCV, Refinery  
  102  6:38  SCV  
  102  6:39  SCV  
  105  6:47  Supply Depot, Concussive Shells  
  105  6:48  Marauder  
  105  6:49  Marauder, SCV  
  105  6:50  SCV  
  105  6:53  Marauder  
  113  6:56  SCV  
  113  6:57  Supply Depot  
  113  6:58  Marine x2  
  113  7:01  SCV  
  115  7:03  Medivac x2, Supply Depot  
  115  7:05  SCV  
  120  7:08  SCV  
  120  7:09  Terran Infantry Armor Level 1  
  120  7:12  Marauder, Supply Depot  
  120  7:14  Marauder  
  125  7:18  Supply Depot  
  125  7:19  Marauder  
  125  7:22  Refinery, SCV x2  
  129  7:23  SCV  
  130  7:33  Viking x2  
  130  7:34  Marauder, Marine x4  
  139  7:38  Bunker  
  139  7:39  Marauder  
  139  7:43  Marauder  
  143  7:49  Starport  
  143  7:50  Factory Reactor  
  143  7:53  Supply Depot, Marine x3  
  143  7:55  Marauder, Marine  
  149  8:00  Marauder  
  149  8:03  Viking, Ghost Academy  
  149  8:05  Armory  
  153  8:07  Viking  
  155  8:14  Supply Depot  
  149  8:20  Marauder  
  149  8:22  Marauder, Marine x2  
  149  8:25  Marauder  
  145  8:27  Marine x2  
  145  8:33  Viking  
  149  8:37  Viking  
  149  8:39  Viking  
  149  8:40  Ghost, Marine x2  
  157  8:42  Viking  
  157  8:43  Ghost  
  157  8:45  Marine x2  
  157  8:47  Marauder  
  165  8:57  Supply Depot  
  165  8:58  Marine x2  
  165  9:02  Marine  
  167  9:03  Viking, Marine  
  167  9:08  Marauder  
  175  9:10  Marauder  
  175  9:12  Viking, Marauder  
  175  9:14  Viking  
  181  9:18  Marine x2  
  181  9:23  SCV x3  
  182  9:28  Marine x2  
  182  9:29  Marauder  
  186  9:31  Marauder  
  186  9:35  SCV  
  186  9:36  Ghost  
  186  9:38  Marine  
  188  9:39  Marine  
  188  9:45  Medivac  
  192  9:51  Viking, Marauder  
  196  9:53  Viking  
  196  10:11  Viking  
  196  10:12  Marauder  
  196  10:13  Marauder  
  191  10:19  Marauder  
  191  10:21  Medivac x2  
  164  10:26  Marine x2  
  158  10:30  Marine x2  
  158  10:33  Marine  
  151  10:36  Marine  
  151  10:40  Marine  

Tags
 
Add a new tag
Caveats
  • Supply blocks, unpowered buildings, or Contaminate may cause inaccurate times.
  • Supply counts are checked every 10 seconds.